 Dungeon Crawl Stone Soup version 0.20-a0-1127-g1289703 (webtiles) character file.

383 Manul the Slasher (level 6, -13/55 HPs)
             Began as a Draconian Monk on May 18, 2017.
             Mangled by an ice beast (21 damage)
             ... on level 5 of the Dungeon.
             The game lasted 00:04:03 (3264 turns).

Manul the Slasher (Draconian Monk)                  Turns: 3264, Time: 00:04:04

Health: -13/55     AC:  6    Str: 18    XL:     6   Next: 47%
Magic:  6/6        EV: 14    Int: 13    God:
Gold:   181        SH:  0    Dex: 15    Spells: 5/5 levels left

rFire    + . .     SeeInvis .   k - +0 long sword
rCold    x . .     Gourm    .   (no shield)
rNeg     . . .     Faith    .   (armour unavailable)
rPois    +         Spirit   .   (helmet restricted)
rElec    .         Reflect  .   (no cloak)
rCorr    .         Harm     .   (no gloves)
MR       .....                  (no boots)
Stlth    ++........             (no amulet)
Regen    0.2/turn               r - ring of poison resistance
MPRegen  0.1/turn               f - ring of fire

@: mighty, slowed, very slow
A: unfitting armour, hooves 1, clever 1, cold-blooded, AC +6
a: no special abilities


You were on level 5 of the Dungeon.
You were not hungry.

You visited 1 branch of the dungeon, and saw 5 of its levels.

You collected 181 gold pieces.

Inventory:

Hand Weapons
 a - a +0 falchion
 c - a cursed -3 dagger
 k - a +0 long sword (weapon)
Jewellery
 f - a ring of fire (right hand)
 r - a ring of poison resistance (left hand)
Wands
 w - a wand of digging (18/24)
Scrolls
 d - 3 scrolls of magic mapping
 h - a scroll of identify
 q - 3 scrolls of recharging
Potions
 e - a potion of cancellation {unknown}
 n - a potion of haste {unknown}
 o - a potion of lignification {unknown}
 s - 3 potions of berserk rage {unknown}
 v - 2 potions of agility {unknown}
Comestibles
 b - 4 bread rations
 g - 2 meat rations
 i - 3 chunks of flesh
 j - 2 royal jellies
 l - 5 fruits


   Skills:
 + Level 4.8 Fighting
 + Level 5.4 Long Blades
 + Level 3.9 Dodging
 + Level 2.5 Stealth


You had 5 spell levels left.
You didn't know any spells.

Dungeon Overview and Level Annotations

Branches:
Dungeon (5/15)
 Temple: D:4-7

Altars:


Innate Abilities, Weirdness & Mutations

Your plain brown scales are hard. (AC +6)
You cannot fit into any form of body armour.
You are cold-blooded and may be slowed by cold attacks.
You have large cloven feet.
Your mind is acute. (Int +2)


Message History

The iguana is moderately wounded.
The ice beast hits you but does no damage.
You feel yourself speed up. The iguana closely misses you.
The leopard gecko skeleton closely misses you.
The iguana hisses menacingly.
The iguana closely misses you.
You riposte.
You barely miss the iguana. Your kick misses the iguana.
The iguana is moderately wounded.
You closely miss the ice beast. You kick the ice beast.
The ice beast is moderately wounded.
The ice beast hits you. The ice beast freezes you!
You feel a terrible chill!
You feel yourself slow down.
* * * LOW HITPOINT WARNING * * *
You closely miss the ice beast.
The ice beast is moderately wounded.
The ice beast hits you.
* * * LOW HITPOINT WARNING * * *
The ice beast freezes you!!
You feel a terrible chill!
You die...

#..)........รท......#
###...####......###.......
.........................#####
..########......#####........
### #......# #..[..)##
#......# #........ #......#
#.....# ############.....#
...>.$.@YZl.....?##.
##########.#........#
###.....#.....##.#
#######...#####.....#
###.......### #######
###..##.##### ###..####.#
#..### #.# ).## #.#


You could see an ice beast, an iguana and a leopard gecko skeleton.

Vanquished Creatures
  An ogre (D:5)
  A scorpion (D:3)
  A quasit (D:3)
  A hound (D:5)
  2 worker ants
  A worker ant zombie (D:5)
  2 adders
  2 oozes
  An adder zombie (D:5)
  3 worms
  3 dart slugs
  5 leopard geckos
  2 ball pythons
  4 bats
  5 giant cockroaches
  9 goblins
  9 hobgoblins
  3 jackals (D:3)
  A quokka (D:2)
  4 frilled lizards
  9 kobolds
  11 rats
80 creatures vanquished.

Notes
Turn   | Place    | Note
-------+----------+-------------------------------------------
     0 | D:1      | Manul the Draconian Monk began the quest for the Orb.
     0 | D:1      | Reached XP level 1. HP: 19/19 MP: 1/1
   146 | D:1      | Reached XP level 2. HP: 26/26 MP: 2/2
   752 | D:2      | Reached XP level 3. HP: 30/33 MP: 3/3
  1402 | D:2      | Reached XP level 4. HP: 29/40 MP: 4/4
  1705 | D:3      | Reached skill level 4 in Long Blades
  1951 | D:3      | Gained mutation: You are agile. (Dex +2) [potion of mutation]
  1951 | D:3      | Gained mutation: You are resistant to electric shocks. (rElec) [potion of mutation]
  1951 | D:3      | Gained mutation: You expend magic power (3 MP) to strengthen your wands. [potion of mutation]
  1951 | D:3      | Gained mutation: Your flesh is cold resistant. (rC+) [potion of mutation]
  1962 | D:3      | Reached XP level 5. HP: 14/46 MP: 5/5
  1963 | D:3      | Lost mutation: You expend magic power (3 MP) to strengthen your wands. [potion of mutation]
  1963 | D:3      | Lost mutation: Your flesh is cold resistant. (rC+) [potion of mutation]
  1963 | D:3      | Lost mutation: You are agile. (Dex +2) [potion of mutation]
  1963 | D:3      | Lost mutation: You are resistant to electric shocks. (rElec) [potion of mutation]
  1963 | D:3      | Gained mutation: You have large cloven feet. [potion of mutation]
  1963 | D:3      | Gained mutation: Your mind is acute. (Int +2) [potion of mutation]
  2803 | D:4      | Noticed a troll
  2872 | D:4      | HP: 2/47 [worker ant (6)]
  2910 | D:5      | Entered Level 5 of the Dungeon
  2914 | D:5      | Reached skill level 5 in Long Blades
  2915 | D:5      | Reached XP level 6. HP: 14/53 MP: 6/6
  3249 | D:5      | Noticed an ice beast
  3264 | D:5      | Mangled by an ice beast

Vault maps used:
D:1:      arrival_zaba_pyramid, corexii_leaking_fountain, serial_bayou_pond_c,
          dk_noncrumbling_2, kennysheep_pointless_box
D:2:      kennysheep_six_static_rooms
D:4:      minmay_misc_feat_tiny, lightli_corner_chamber, uniq_duvessa
D:5:      first_bread, grunt_decor_clamped, uniq_prince_ribbit1, uniq_eustachio

Skill      XL: |  1  2  3  4  5 |
---------------+----------------+-----
Dodging        | 3 |  3.9
Fighting       | 4 |  4.8
Long Blades    | 4 5 |  5.4
Stealth        | 2 |  2.5

Action                   |  1- 3 |  4- 6 || total
-------------------------+-------+-------++-------
Melee: Falchion          |   111 |    76 ||   187
       Tailslap          |    14 |    17 ||    31
       Long sword        |       |    41 ||    41
       Kick              |       |    24 ||    24
Evoke: Wand              |       |     1 ||     1
  Use: Scroll            |       |     6 ||     6
       Potion            |       |     7 ||     7
 Stab: Sleeping          |     3 |     4 ||     7
  Eat: Chunk             |     2 |     6 ||     8
Armor: Skin              |    26 |    39 ||    65
Dodge: Dodged            |    84 |   120 ||   204
       Rpst.: Falchion   |    37 |    19 ||    56
       Long sword        |       |    11 ||    11
